[Event "*** Titled Tuesday Blitz"]
[Site "Chess.com"]
[Date "2020.04.28"]
[Round "2"]
[White "Chuchofrio1"]
[Black "Oligan22"]
[Result "1-0"]
[WhiteElo "2217"]
[BlackElo "2423"]
[TimeControl "180+1"]
[EndTime "10:19:07 PDT"]
[Termination "Chuchofrio1 won on time"]

1. e4 c6 2. d4 d5 3. exd5 cxd5 4. Bd3 Nc6 5. c3 Nf6 6. Bf4 Bg4 7. Qb3 Qd7 8. Nd2 e6 9. Ngf3 Bd6 10. Bxd6 Qxd6 11. Qxb7 Rb8 12. Qa6 O-O 13. O-O Rb6 14. Qa3 Qxa3 15.
bxa3 Rc8 16. h3 Bxf3 17. Nxf3 Na5 18. Rfc1 Rbc6 19. Rab1 g6 20. Rb5 Rxc3 21. Rxc3 Rxc3 22. Rxa5 Rxd3 23. Rxa7 Ne4 24. a4 Rd1+ 25. Kh2 Ra1 26. Ne5 f6 27. Nd7 Kg7 28. f3 Nd2 29. h4 h5 30.
Nc5+ Kh6 31. Nxe6 Nf1+ 32. Kh3 g5 33. hxg5+ fxg5 34. Ra6 Ne3 35. Nf4+ Kh7 36. Ra7+ Kg8 37. Ne6 h4 38. Kh2 Nf1+ 39. Kh3 Ne3 40. Kh2 Rxa2 41. Rg7+ Kh8 42. Rxg5 Rxa4 43. Rh5+ Kg8 44. Rxh4 Ra2 45.
Nf4 Rd2 46. Kg3 Rxd4 47. Kf2 Nf5 48. Rg4+ Kf7 49. Ne2 Rd2 50. Rf4 Ke6 51. g4 Nd6 52. Ke3 Ra2 53. Rf8 Ke7 54. Rh8 Ra3+ 55. Kf2 Nc4 56. Rh7+ Kf6 57. Rh6+ Kg5 58. Re6 1-0

[Event "*** Titled Tuesday Blitz"]
[Site "Chess.com"]
[Date "2020.04.28"]
[Round "2"]
[White "NFork"]
[Black "ajian"]
[Result "1-0"]
[WhiteElo "1923"]
[BlackElo "2339"]
[TimeControl "180+1"]
[EndTime "10:19:07 PDT"]
[Termination "NFork won by resignation"]

1. Nf3 Nf6 2. b3 d5 3. Bb2 c5 4. e3 Nc6 5. Bb5 e6 6. Bxc6+ bxc6 7. Ne5 Bd6 8. f4 Qc7 9. d3 O-O 10. Nd2 Nd7 11. Qh5 g6 12. Ng4 f6 13. Qh4 d4 14.
Ne4 Be7 15. exd4 h5 16. Ngf2 cxd4 17. Bxd4 e5 18. fxe5 Nxe5 19. Qg3 Kh7 20. Bxe5 fxe5 21. O-O Bf5 22. Ng5+ Bxg5 23. Qxg5 Rf7 24. g4 hxg4 25.
Nxg4 Raf8 26. Ne3 Qb6 27. Kg2 e4 28. Nxf5 Rxf5 29. Qe7+ R8f7 30. Qxf7+ Rxf7 31. Rxf7+ Kg8 32. Raf1 exd3 33. cxd3 Qd4 34. Rf8+ Kg7 35. R1f7+ Kh6 36.
Rf3 Qb2+ 37. Rf2 Qd4 38. R8f3 Qd5 39. Kg3 Qg5+ 40. Kh3 Qh5+ 41. Kg2 Qg5+ 42. Rg3 Qd5+ 43. Kh3 Qh5+ 44. Kg2 Qd5+ 45. Kg1 Qc5 46. h3 Qc1+ 47. Kh2 Qc5 48. Rfg2 Qe5 49. h4 Qd6 50. Kh3 Qe6+ 51.
Rg4 Qe3+ 52. R2g3 Qe6 53. Kh2 Qe7 54. Rxg6+ Kh7 55. Rg7+ Qxg7 56. Rxg7+ Kxg7 57. Kg3 Kf6 58. Kf4 Kg6 59. Ke5 Kh5 60. Kd6 Kxh4 61. Kxc6 Kg4 62. Kb7 Kf4 63. Kxa7 Ke3 64. Kb6 Kxd3 65. b4 Kc3 66. b5 Kb2 67. Kc6 Kxa2 68. b6 1-0

[Event "*** Titled Tuesday Blitz"]
[Site "Chess.com"]
[Date "2020.04.28"]
[Round "2"]
[White "ChessAintFun"]
[Black "SloLev"]
[Result "0-1"]
[WhiteElo "2761"]
[BlackElo "2532"]
[TimeControl "180+1"]
[EndTime "10:19:08 PDT"]
[Termination "SloLev won by resignation"]

1. e4 e5 2. Nf3 Nc6 3. Bc4 Bc5 4.
O-O Nf6 5. d3 d6 6. c3 h6 7. a4 a5 8. Re1 O-O 9. h3 Be6 10. Nbd2 Qe7 11. Qb3 Rab8 12. Bxe6 fxe6 13. Nf1 Nh5 14. Qd1 Qf7 15. Be3 Bxe3 16. Nxe3 Nf4 17.
Nh2 Ne7 18. Rf1 Neg6 19. Kh1 Rbd8 20. b4 axb4 21. cxb4 d5 22. Qg4 Nxd3 23. Nf3 c6 24. b5 c5 25. a5 Ngf4 26. a6 bxa6 27. bxa6 c4 28. a7 Ra8 29. exd5 exd5 30. Nh4 Rxa7 31. Nef5 Nxf2+ 32. Rxf2 Rxa1+ 33. Kh2 Kh7 34. g3 Nd3 35. Rg2 Rf1 36. Nd6 Qf6 37. Nb5 Rf2 38. Nc3 Rxg2+ 39.
Nxg2 Qg6 40. Qe2 d4 41. Ne4 Nb4 42. Nh4 Qc6 43. Qg4 g5 44. Nxg5+ hxg5 45. Qh5+ Qh6 46. Qg4 Qg7 47. Qd7 Kg8 48. Qe6+ Qf7 49. Qh6 Qg7 50. Qe6+ Qf7 51. Qg4 Qf2+ 52. Ng2 Qf6 53. h4 Qg7 54. hxg5 Nd3 55. g6 Nf2 56. Qe6+ Kh8 57. Nh4 Ne4 58.
Nf5 Ng5 59. Qd5 Rxf5 60. Qd8+ Rf8 61. Qd7 Qxd7 62. g7+ Kxg7 63. Kg2 Kg6 64. Kg1 Qc6 65. g4 e4 0-1

[Event "*** Titled Tuesday Blitz"]
[Site "Chess.com"]
[Date "2020.04.28"]
[Round "2"]
[White "Juanovic"]
[Black "nabukatnezarr"]
[Result "0-1"]
[WhiteElo "2153"]
[BlackElo "2523"]
[TimeControl "180+1"]
[EndTime "10:19:08 PDT"]
[Termination "nabukatnezarr won by resignation"]

1. e4 d6 2. d4 Nf6 3. Nc3 e5 4. dxe5 dxe5 5. Qxd8+ Kxd8 6. Bc4 Ke8 7. Nf3 Bd6 8. Bg5 Nbd7 9. O-O-O a6 10. Kb1 h6 11.
Bxf6 Nxf6 12. Rhe1 Ke7 13. h3 c6 14. Bb3 b5 15. a3 Rd8 16. Rd3 Nd7 17. Nh4 g6 18. Red1 Nc5 19. R3d2 Nxb3 20. cxb3 a5 21. Nf3 Be6 22.
Kc2 f6 23. Nh4 Bf7 24. g4 Bc7 25. Rxd8 Bxd8 26. Ng2 Bb6 27. Ne3 Rh8 28. Ne2 h5 29. Rg1 Bxe3 30. fxe3 hxg4 31. hxg4 Rh2 32. Re1 Be6 33. Kc3 Bxg4 34. Nc1 Be6 35. Nd3 g5 36.
Nc5 g4 37. Nb7 b4+ 38. axb4 axb4+ 39. Kxb4 Rxb2 40. Nc5 g3 41. Rg1 g2 42. Nxe6 Kxe6 43. Kc3 Rf2 44. b4 Kd6 45. Kc4 Kd7 46. Kc5 Kc7 47.
b5 Rc2+ 48. Kb4 Kb6 49. bxc6 Kxc6 50. Kb3 Re2 51. Kc4 Rxe3 52. Rxg2 Rxe4+ 53. Kd3 Rd4+ 54. Ke3 Kd6 55. Rg8 Ke6 56. Re8+ Kf5 57. Rh8 Ra4 58.
Rh5+ Ke6 59. Rh6 Ra3+ 60. Ke4 Ra4+ 61. Ke3 Rb4 62. Rg6 Kf5 63. Rh6 Rb3+ 64. Ke2 Ra3 65. Rh4 Ke6 66. Rb4 f5 67. Rb5 f4 68. Rb8 Kf5 69.
Rf8+ Ke4 0-1

[Event "*** Titled Tuesday Blitz"]
[Site "Chess.com"]
[Date "2020.04.28"]
[Round "2"]
[White "Irishchessman16"]
[Black "maxsergej"]
[Result "1-0"]
[WhiteElo "2409"]
[BlackElo "2123"]
[TimeControl "180+1"]
[EndTime "10:19:08 PDT"]
[Termination "Irishchessman16 won on time"]

1. e4 c5 2. Nf3 Nc6 3. Bb5 g6 4. Bxc6 bxc6 5. O-O Bg7 6. d3 Nf6 7. Nfd2 O-O 8. f4 d6 9. Nc3 Rb8 10. Nc4 Be6 11. Ne3 Qc8 12. f5 Bd7 13. g4 Ne8 14. g5 f6 15. fxg6 hxg6 16. h4 fxg5 17. hxg5 Rxf1+ 18.
Qxf1 Bd4 19. Kh2 Ng7 20. Ne2 Be5+ 21. Kg1 Qf8 22. Qxf8+ Rxf8 23. Nc4 Bd4+ 24. Nxd4 cxd4 25. Bd2 Ne6 26. Rf1 Rxf1+ 27. Kxf1 Kf7 28. Kf2 c5 29. Kg3 Ng7 30. e5 Nh5+ 31. Kh4 Ke6 32. exd6 exd6 33. b4 d5 34. Na5 cxb4 35. Nb7 Ke5 36. Nc5 Bc8 37. Bxb4 Ng7 38. Kg3 Nf5+ 39. Kf2 Ne3 40.
c3 Nd1+ 41. Ke1 Nxc3 42. a3 Nb5 43. Nb3 Nc7 44. Bc5 a6 45. Bxd4+ Kf5 46. Bb6 Ne6 47. Be3 Nxg5 48. Nd4+ Kg4 49. Nc6 Nf3+ 50. Kf2 g5 51. Ne7 Be6 52. Ng6 Nh4 53. Ne5+ Kf5 54.
Nc6 g4 55. Nd4+ Ke5 56. Nc6+ Kd6 57. Nb4 a5 58. Nc2 Bf5 59. Ne1 Ng6 60. a4 Ne5 61.
Bf4 Ke6 62. Ke3 1-0

[Event "*** Titled Tuesday Blitz"]
[Site "Chess.com"]
[Date "2020.04.28"]
[Round "2"]
[White "michaelk123"]
[Black "almo64"]
[Result "0-1"]
[WhiteElo "2524"]
[BlackElo "2803"]
[TimeControl "180+1"]
[EndTime "10:19:09 PDT"]
[Termination "almo64 won on time"]

1. e4 c5 2. Nf3 Nc6 3. Bb5 g6 4. Bxc6 dxc6 5. d3 Bg7 6. h3 e5 7. Be3 Qe7 8. Nc3 Nf6 9. Qd2 O-O 10. Bh6 b5 11. O-O Rd8 12. Bxg7 Kxg7 13. Qe3 Nh5 14.
Ne2 Kg8 15. Nd2 Be6 16. f4 exf4 17. Nxf4 Qg5 18. Qf2 Nxf4 19. Qxf4 Qxf4 20. Rxf4 c4 21. Rf3 cxd3 22. cxd3 c5 23. Nb3 Rac8 24. Kf2 c4 25. Nd2 cxd3 26. Ke3 Rc2 27. Rff1 Rxb2 28. Rfb1 Rxb1 29.
Rxb1 a6 30. Rc1 Bxa2 31. Ra1 Be6 32. Rxa6 Rb8 33. Kxd3 b4 34. Kc2 Rc8+ 35. Kb2 b3 36. Rd6 Rc2+ 37. Kb1 Kg7 38. Rd3 Kf6 39. g3 Bxh3 40.
Nxb3 Rc4 41. Nd2 Rc5 42. Rf3+ Ke7 43. Nb3 Rc4 44. Nd2 Rc7 45. Rf4 Be6 46. Kb2 h5 47.
Rf3 Rc5 48. Rc3 Rxc3 49. Kxc3 Kf6 50. Kd4 Kg5 51. Ke3 Kg4 52. Kf2 g5 53. Nf1 h4 54. Ne3+ Kh5 55. gxh4 gxh4 56. e5 Kg5 57. Kf3 Bd7 58. Kf2 Bc6 59. Nc4 Kf4 60. Nd6 Bd5 61.
Ne8 Kxe5 62. Ng7 Kf4 63. Ne8 h3 64. Nf6 Bc6 65. Nh5+ Kg5 0-1

[Event "*** Titled Tuesday Blitz"]
[Site "Chess.com"]
[Date "2020.04.28"]
[Round "2"]
[White "eljanov"]
[Black "mikolka1985"]
[Result "1/2-1/2"]
[WhiteElo "2885"]
[BlackElo "2581"]
[TimeControl "180+1"]
[EndTime "10:19:10 PDT"]
[Termination "Game drawn by repetition"]

1. Nf3 Nf6 2. g3 b6 3. Bg2 Bb7 4. O-O e6 5. d4 Be7 6. c4 O-O 7.
Re1 d5 8. cxd5 exd5 9. Nc3 Nbd7 10. Bf4 c5 11. dxc5 Nxc5 12. Be5 Nfe4 13. Rc1 Re8 14. Bd4 Bf8 15. e3 Ne6 16. a3 Rc8 17. Ne2 Re7 18.
Bh3 Rxc1 19. Qxc1 N6c5 20. Qb1 Ne6 21. Rd1 Ba6 22. Nc3 Nxd4 23. Nxd4 Nxc3 24. bxc3 Rc7 25. Nb5 Rc5 26. a4 Qe8 27. Bf1 Qe7 28. Qa2 Bc8 29. Bg2 Be6 30. Qd2 Qd7 31. Ra1 Bg4 32. Nd4 Rc4 33. a5 bxa5 34. Rxa5 Qc7 35. Rxd5 Rxc3 36.
h3 Rc1+ 37. Kh2 Bc8 38. Nb5 Qc2 39. Qxc2 Rxc2 40. Rd8 Be6 41. Nd4 Rxf2 42. Kg1 Ra2 43. Nxe6 fxe6 44. h4 Kf7 45. Rd7+ Be7 46. Bh3 a5 47.
Rb7 a4 48. Rb6 Bc5 49. Bxe6+ Ke7 50. Bxa2 Bxe3+ 51. Kg2 Bxb6 52. Kf3 a3 53. Ke4 Kd6 54. g4 Kc5 55. h5 Kb4 56. Kd3 Bd8 57. Bg8 h6 58.
Bf7 Bg5 59. Ba2 Bf6 60. Bd5 Bg5 61. Ba2 Bf6 62. Be6 Bg5 63. Ba2 1/2-1/2

[Event "*** Titled Tuesday Blitz"]
[Site "Chess.com"]
[Date "2020.04.28"]
[Round "2"]
[White "Dedic8"]
[Black "RodinMihail"]
[Result "0-1"]
[WhiteElo "2782"]
[BlackElo "2538"]
[TimeControl "180+1"]
[EndTime "10:19:10 PDT"]
[Termination "RodinMihail won by resignation"]

1. e4 e5 2. Nf3 Nc6 3. Bb5 a6 4. Ba4 Bc5 5. c3 Nge7 6. d4 exd4 7. cxd4 Bb4+ 8. Nc3 d5 9. exd5 Nxd5 10. Bxc6+ bxc6 11. O-O O-O 12. Qc2 h6 13. a3 Bd6 14. Bd2 Bg4 15.
Ne5 Be6 16. Nxc6 Qh4 17. g3 Qh3 18. Qe4 Nf6 19. Qg2 Qh5 20. h4 Bg4 21. f3 Bd7 22. Ne5 Bxe5 23. dxe5 Qxe5 24. Rae1 Qh5 25. Bf4 Nd5 26.
Re5 Nxf4 27. Rxh5 Nxg2 28. Kxg2 f5 29. Nd5 Kh7 30. Rc1 Be8 31. g4 Bxh5 32. gxh5 Rad8 33. Nf4 Rf7 34. Kg3 Rd2 35. Re1 Rxb2 36. Re8 Rb6 37. Ne6 Rxe6 38. Rxe6 Rf6 39. Re7 Rc6 40. Kf4 Rc5 41. a4 a5 42. Rf7 Kg8 43. Rd7 Kf8 44. Kg3 Rc4 45. Kh3 c5 46. Ra7 Rxa4 47. Kg3 c4 48. Rc7 Rb4 49. Kf4 a4 50. Kxf5 a3 51. Ra7 c3 52. Rxa3 Rc4 53. Ra1 c2 54. Rc1 Rc6 55.
Ke5 Ke7 56. Kd5 Rc8 57. Ke4 Kf6 58. Kd3 Kf5 59. Rxc2 Rxc2 60. Kxc2 Kf4 61. Kd3 Kxf3 62. Kd4 Kg4 63. Ke5 Kxh5 64. Kf5 Kxh4 65. Kg6 Kg4 66. Kxg7 h5 0-1

[Event "*** Titled Tuesday Blitz"]
[Site "Chess.com"]
[Date "2020.04.28"]
[Round "2"]
[White "kushagramohan"]
[Black "Trankuilizer"]
[Result "1/2-1/2"]
[WhiteElo "2704"]
[BlackElo "2487"]
[TimeControl "180+1"]
[EndTime "10:19:10 PDT"]
[Termination "Game drawn by repetition"]

1. e4 e5 2. Nf3 Nc6 3. Bb5 a6 4. Ba4 Nf6 5. O-O Be7 6. Re1 b5 7.
Bb3 d6 8. c3 O-O 9. d4 Bg4 10.
Be3 exd4 11. cxd4 d5 12. e5 Ne4 13. h3 Bh5 14. Nc3 Nxc3 15. bxc3 Na5 16. Bc2 Nc4 17. Qd3 Bg6 18. Qe2 Qd7 19. Bxg6 fxg6 20. Nd2 Na3 21. Rac1 a5 22. f4 a4 23. g4 Rac8 24.
Rf1 c5 25. Qf2 c4 26. f5 b4 27. e6 Qb7 28. Nb1 Nxb1 29. Rxb1 b3 30. Qg2 a3 31.
Rf2 b2 32. Qg3 Qc7 33. Bf4 Qa5 34. Be5 g5 35. Rf3 h6 36. Qf2 Rcd8 37. f6 gxf6 38. Bxf6 Bxf6 39. Rxf6 Qc7 40. Rf1 Qg7 41. Rf7 Rxf7 42.
exf7+ Kf8 43. Qf5 h5 44. Qe6 hxg4 45. hxg4 Qh7 46. Qf6 Rd7 47. Qe6 Rxf7 48. Qd6+ Kg8 49. Qd8+ Kg7 50. Qxg5+ Qg6 51. Qe5+ Kh7 52. Qh2+ Kg8 53.
Qb8+ Kg7 54. Qe5+ Kg8 55. Qb8+ Kh7 56. Qh2+ Kg7 57. Qe5+ 1/2-1/2

[Event "*** Titled Tuesday Blitz"]
[Site "Chess.com"]
[Date "2020.04.28"]
[Round "2"]
[White "Kezin_Roman"]
[Black "NemtsevIgor"]
[Result "1-0"]
[WhiteElo "2688"]
[BlackElo "2357"]
[TimeControl "180+1"]
[EndTime "10:19:10 PDT"]
[Termination "Kezin_Roman won on time"]

1. d4 c6 2. h4 d5 3. Nf3 Nf6 4. Bf4 Bf5 5. e3 e6 6. c4 Nbd7 7. Nc3 h6 8. Bd3 Bxd3 9. Qxd3 Bb4 10. a3 Bxc3+ 11. bxc3 Qa5 12. c5 Ne4 13. Rc1 Qxa3 14. O-O O-O 15. Qc2 b5 16. Ne1 Qa5 17. Nd3 Qd8 18.
f3 Nef6 19. Nb4 Qc8 20. g4 a5 21. Nd3 Re8 22. Kg2 Nh7 23. g5 h5 24. e4 Nhf8 25.
Bg3 Ng6 26. Rb1 e5 27. exd5 cxd5 28. Rxb5 e4 29. Nf4 Nxf4+ 30. Bxf4 Nf8 31. Bg3 Ng6 32.
Qf2 e3 33. Qe2 a4 34. Rb2 a3 35. Ra2 Ne7 36. Rfa1 Nf5 37. Rxa3 Rxa3 38. Rxa3 Qb7 39. Be1 Qb1 40. Ra2 Qb3 41. Rb2 Qa3 42. Ra2 Qb3 43. Qa6 Qb1 44. Re2 Qd1 45. Qa2 Qd3 46.
Qc2 Qc4 47. Bg3 Nxg3 48. Kxg3 g6 49. Kf4 Qa6 50. Rxe3 Rxe3 51. Kxe3 Qf1 52. Qe2 Qg1+ 53. Kd2 Qg3 54. Qe8+ Kg7 55. Qe5+ Qxe5 56. dxe5 Kf8 57. Kd3 Ke7 58. Kd4 Ke6 59. c6 Ke7 60. Kxd5 1-0

[Event "*** Titled Tuesday Blitz"]
[Site "Chess.com"]
[Date "2020.04.28"]
[Round "2"]
[White "gmcorrales"]
[Black "crywolf1986"]
[Result "1-0"]
[WhiteElo "2818"]
[BlackElo "2535"]
[TimeControl "180+1"]
[EndTime "10:19:11 PDT"]
[Termination "gmcorrales won on time"]

1. e4 c6 2. Nf3 d5 3. Nc3 Bg4 4. h3 Bxf3 5. Qxf3 e6 6. Be2 Nd7 7. O-O Ngf6 8. d3 Bd6 9. Re1 O-O 10. Bf1 Qc7 11. g3 h6 12. Bd2 Rfe8 13. Rad1 Rad8 14.
a3 b6 15. Bg2 d4 16. Nb1 c5 17. Bc1 b5 18. Qe2 e5 19. Nd2 Rc8 20. b3 Nb6 21. Bf1 c4 22. dxc4 bxc4 23. Nxc4 Nxc4 24. Qxc4 Qb6 25. Qe2 Rc7 26. Qd2 Rec8 27. Bd3 Bf8 28. Rf1 Nd7 29. Qe2 Nc5 30. Bc4 Qc6 31. Rde1 Na4 32.
Bd5 Nc3 33. Bxc6 Nxe2+ 34. Rxe2 Rxc6 35. c4 dxc3 36. Rc2 a5 37. Rd1 Bc5 38. Kg2 Bd4 39. Be3 Bxe3 40. fxe3 Rb6 41. Rb1 Kf8 42. Kf3 Ke7 43. Ke2 h5 44. b4 axb4 45. Rxb4 Rg6 46. Rb7+ Kf8 47. Kf3 Rf6+ 48. Ke2 Rg6 49. Kd3 Rxg3 50.
a4 Rg1 51. Rxc3 Rxc3+ 52. Kxc3 Ra1 53. Rb4 g5 54. Kb2 Rd1 55. a5 Rd6 56. Rb6 Rd7 57.
a6 Ra7 58. Ka3 g4 59. hxg4 hxg4 60. Ka4 Kg7 61. Ka5 g3 62. Rb1 Kf6 63. Rg1 1-0

[Event "*** Titled Tuesday Blitz"]
[Site "Chess.com"]
[Date "2020.04.28"]
[Round "2"]
[White "Quaternitychess"]
[Black "MarcoRiehle"]
[Result "1-0"]
[WhiteElo "2151"]
[BlackElo "2588"]
[TimeControl "180+1"]
[EndTime "10:19:11 PDT"]
[Termination "Quaternitychess won by resignation"]

1. e4 e5 2. Nf3 Nf6 3. Nxe5 Nxe4 4. Qe2 Qe7 5. Qxe4 d6 6. d4 dxe5 7. dxe5 Nc6 8. Nc3 Qxe5 9. Qxe5+ Nxe5 10. Nb5 Bb4+ 11. c3 Ba5 12. Bf4 f6 13. O-O-O O-O 14. f3 a6 15. Nd4 Bb6 16. Be2 c5 17. Bxe5 fxe5 18. Bc4+ Kh8 19. Ne6 Re8 20. Ng5 h6 21. Nf7+ Kh7 22. Nd6 Re7 23. Rhe1 Bc7 24. a4 Be6 25.
Bxe6 Rxe6 26. Ne4 b5 27. Rd7 Rc6 28. Kc2 c4 29. Ra1 Rd8 30. Rxd8 Bxd8 31. axb5 axb5 32. Rd1 Bg5 33. Rd5 Bf4 34. g3 Be3 35. Rxb5 Ra6 36. Rb4 Ra1 37. Rxc4 Rf1 38. Kd3 Bc1 39. Ke2 Rh1 40. b4 Rxh2+ 41. Kd3 Rb2 42. g4 h5 43. gxh5 Kh6 44. Rc7 Bf4 45. Kc4 Rb1 46. b5 Be3 47. Nd6 Rf1 48. Nf5+ Kxh5 49. Nxe3 Rxf3 50. Nd5 g5 51. b6 Rf8 52. b7 Rb8 53. Nf6+ Kg6 54.
Nd7 Rd8 55. Rc8 Rxd7 56. b8=Q Rg7 57. Qxe5 g4 58. Qxg7+ Kxg7 59. Kd3 g3 60. Ke3 g2 61.
Kf2 1-0

[Event "*** Titled Tuesday Blitz"]
[Site "Chess.com"]
[Date "2020.04.28"]
[Round "2"]
[White "adiosabu"]
[Black "konradrutkowski"]
[Result "0-1"]
[WhiteElo "2407"]
[BlackElo "2181"]
[TimeControl "180+1"]
[EndTime "10:19:11 PDT"]
[Termination "konradrutkowski won on time"]

1. e4 e5 2. Nf3 Nc6 3. Bb5 a6 4. Ba4 Nge7 5. c4 g6 6. Nc3 Bg7 7. O-O O-O 8. d3 h6 9. Nd5 d6 10. h3 Rb8 11. Re1 b5 12. cxb5 axb5 13. Bb3 Na5 14.
Nxe7+ Qxe7 15. Bc2 b4 16. d4 c5 17. d5 c4 18. b3 Bd7 19. Nd2 Rfc8 20. Nxc4 Nxc4 21. bxc4 Rxc4 22. Bb3 Rc7 23. Bd2 f5 24. Rc1 Rxc1 25. Qxc1 Kh7 26. Qc7 Rc8 27. Qb7 fxe4 28. Bxb4 Bf6 29.
Qb6 e3 30. fxe3 Bh4 31. Rf1 Rf8 32. Qa6 Rxf1+ 33. Qxf1 Bf5 34. a4 h5 35. a5 Qa7 36.
Qf3 Bg5 37. Kf2 h4 38. Bc4 Qb7 39. Bd2 Qb2 40. Qe2 Qc2 41. a6 Qa4 42. e4 Bxd2 43. exf5 Bf4 44. fxg6+ Kg7 45. Qd3 Qa5 46. Kf3 Qb6 47. Qe2 Bg3 48. Kg4 e4 49. Kf5 Qd4 50. Ke6 Qf6+ 51. Kd7 Qxg6 52. Kc6 Qf7 53. Qe3 Qe8+ 0-1

[Event "*** Titled Tuesday Blitz"]
[Site "Chess.com"]
[Date "2020.04.28"]
[Round "2"]
[White "sergoy"]
[Black "Kildepiotr"]
[Result "1-0"]
[WhiteElo "2869"]
[BlackElo "2558"]
[TimeControl "180+1"]
[EndTime "10:19:12 PDT"]
[Termination "sergoy won by resignation"]

1. d4 c5 2. d5 e5 3. e4 d6 4.
Bb5+ Nd7 5. a4 Be7 6. Nc3 Bg5 7.
Nf3 Bxc1 8. Rxc1 Ne7 9. O-O O-O 10. Nd2 Nf6 11. Be2 b6 12. Ra1 a6 13. Nc4 Ng6 14. g3 Bh3 15. Re1 Qc7 16. Ne3 Rfe8 17. Bf1 Bxf1 18. Rxf1 Rab8 19. Qe2 Qb7 20. Nc4 Red8 21.
Ra3 Ra8 22. Rb3 b5 23. axb5 axb5 24. Nxb5 Qe7 25. Ne3 Ra4 26. Nf5 Qf8 27. Nc3 Rb4 28.
Rxb4 cxb4 29. Nb5 Ne8 30. Qc4 Rb8 31. Ra1 Ne7 32. Nfxd6 Nxd6 33. Nxd6 Ng6 34. Nf5 Rc8 35. Qd3 Ne7 36. d6 Nxf5 37. exf5 Rd8 38. d7 Qc5 39.
Ra6 h5 40. Rd6 h4 41. Rd5 Qc7 42. gxh4 Kf8 43. Qe4 f6 44. Qxb4+ Kf7 45. Qb3 Ke7 46. Qb4+ Kf7 47. Qb3 Ke7 48. Qd3 Qb6 49. b3 Qb4 50. c4 Qe1+ 51. Kg2 e4 52. Qg3 Kf8 53. Qc7 Ke7 54. Qd6+ Kf7 55. Qg3 Qe2 56. c5 Qb5 57. Qd6 Qxb3 58. Qe6+ Kf8 59. c6 Qf3+ 60. Kg1 Qg4+ 61.
Kf1 Qh3+ 62. Ke1 Qc3+ 63. Rd2 Qa1+ 64. Ke2 Qa6+ 65. Ke3 Qb6+ 66. Rd4 Qc7 67. Qd6+ Qxd6 68.
Rxd6 Ke7 69. Re6+ Kf7 70. Kxe4 Ra8 71. c7 1-0

[Event "*** Titled Tuesday Blitz"]
[Site "Chess.com"]
[Date "2020.04.28"]
[Round "2"]
[White "YoungUzbek"]
[Black "12teen"]
[Result "0-1"]
[WhiteElo "2520"]
[BlackElo "2795"]
[TimeControl "180+1"]
[EndTime "10:19:12 PDT"]
[Termination "12teen won by resignation"]

1. d4 e6 2. Nf3 d5 3. g3 b6 4. Bg2 Bb7 5. O-O Nf6 6. c4 dxc4 7. Qa4+ Nbd7 8. Ne5 Bxg2 9. Kxg2 a6 10. Nc6 Qc8 11.
Qxc4 Qb7 12. Kg1 b5 13. Qc2 Nb6 14. Na5 Qc8 15. Bg5 Nfd7 16. e4 h6 17. Be3 c5 18.
d5 Nf6 19. Nc3 Qc7 20. dxe6 fxe6 21. Rad1 Nbd7 22. Nb3 Be7 23. Bf4 e5 24. Be3 c4 25.
Nd5 Nxd5 26. exd5 O-O 27. Nd2 Nf6 28. Ne4 Rad8 29. Nxf6+ Rxf6 30. Qe4 Bd6 31. Rd2 Qf7 32. Kg2 Bb4 33. Rc2 Bd6 34. Rd1 Rf8 35. a4 Qd7 36. axb5 axb5 37. Ra1 Qc7 38. Ra7 Qc8 39. b3 Bc5 40. bxc4 Bxa7 41. Bxa7 bxc4 42. Qxe5 Qa6 43. Bd4 Qa4 44. Re2 Qb5 45. d6 Qc6+ 46. Kh3 Qxd6 47. Qxd6 Rxd6 48. Bc5 Rfd8 49. Bxd6 Rxd6 50. Re8+ Kf7 51. Rc8 Rd4 52. f4 Kg6 53. Kg4 Rd2 54.
Rc6+ Kh7 55. h4 Rc2 56. h5 c3 57. Kf5 Rg2 58. g4 c2 59. Rc8 Rf2 60. Ke5 Re2+ 61.
Kd6 Rg2 62. g5 hxg5 63. f5 Rf2 64. Ke6 Re2+ 65. Kf7 Rf2 66. Ke6 g4 67. h6 Kxh6 68.
Kf7 Rxf5+ 0-1

[Event "*** Titled Tuesday Blitz"]
[Site "Chess.com"]
[Date "2020.04.28"]
[Round "2"]
[White "Gareth-Bale11"]
[Black "Milchone1"]
[Result "1-0"]
[WhiteElo "2752"]
[BlackElo "2501"]
[TimeControl "180+1"]
[EndTime "10:19:12 PDT"]
[Termination "Gareth-Bale11 won on time"]

1. e4 e5 2. Nf3 Nc6 3. Bb5 Nge7 4. O-O a6 5. Ba4 g6 6. c3 Bg7 7. d4 exd4 8. cxd4 b5 9. Bc2 O-O 10. Nc3 d6 11. h3 h6 12. d5 Na5 13. Re1 c5 14. dxc6 Nexc6 15. Bf4 Ne5 16. Rc1 Nac4 17. b3 Nxf3+ 18. Qxf3 Ne5 19. Qe3 g5 20. Bg3 Be6 21.
Ne2 Qe7 22. Rcd1 Rac8 23. Bb1 Rfd8 24. f4 gxf4 25. Nxf4 Qg5 26. Qf2 h5 27. Bh4 Qh6 28. Bxd8 Rxd8 29. Nxe6 fxe6 30. Qb6 Nf7 31. Rf1 Rf8 32.
Qxa6 Be5 33. Rf3 Ng5 34. Rxf8+ Kxf8 35. Qxb5 Nxh3+ 36. gxh3 Qe3+ 37. Kf1 Qf3+ 38. Ke1 Qe3+ 39. Qe2 Qc3+ 40. Kf1 Qxh3+ 41. Qg2 Qc3 42. Bd3 Ke7 43. Be2 h4 44. Qf3 Qb2 45. a4 Kd7 46. a5 Kc6 47.
a6 Qa2 48. Qe3 Qa3 49. Rc1+ Kd7 50. Qg5 h3 51. a7 h2 52. Qh6 Qxa7 53. Kg2 Qa2 54.
Qh7+ Kd8 55. Qc7+ Ke8 56. Qc8+ Kf7 57. Rc7+ Kf6 58. Qh8+ Kg5 59. Qg8+ Kf4 60. Qg4+ Ke3 61.
Qf3+ Kd2 62. Qd3+ 1-0

[Event "*** Titled Tuesday Blitz"]
[Site "Chess.com"]
[Date "2020.04.28"]
[Round "2"]
[White "queen_iryna"]
[Black "TheCount"]
[Result "1/2-1/2"]
[WhiteElo "2271"]
[BlackElo "2624"]
[TimeControl "180+1"]
[EndTime "10:19:13 PDT"]
[Termination "Game drawn - insufficient material"]

1. d4 Nf6 2. Bg5 Ne4 3. Bf4 e5 4. Bxe5 Nc6 5. Bg3 h5 6. f3 Nxg3 7. hxg3 d5 8. Nc3 Bd6 9. f4 Ne7 10. Qd3 Bf5 11. Qd2 Qd7 12. Nf3 f6 13. e3 O-O-O 14.
O-O-O Bb4 15. a3 Ba5 16. Bb5 c6 17. Bd3 Kb8 18. Nh4 Bg4 19. Rde1 Nc8 20. Be2 Nd6 21. Bd3 Rhe8 22. b4 Bc7 23. e4 dxe4 24.
Nxe4 Nxe4 25. Bxe4 Qxd4 26. Qxd4 Rxd4 27. Bf3 Rdd8 28. Bxg4 hxg4 29. Nf5 g6 30. Ng7 Bb6 31. Nxe8 Bf2 32. Re2 Bxg3 33. Nxf6 Bxf4+ 34. Kb2 a5 35. Rf1 g5 36. c3 a4 37. Ne4 Kc7 38. g3 Be5 39. Rd2 Rh8 40. Rf7+ Kb6 41. Nc5 Kb5 42. Rxb7+ Kc4 43. Rbd7 Bxc3+ 44. Kc2 Bxd2 45. Rxd2 Rh3 46.
Nxa4 Rxg3 47. Nb6+ Kb5 48. Nd7 Rxa3 49. Nf6 g3 50.
Ne4 Ra2+ 51. Kd3 Rxd2+ 52. Nxd2 g2 53. Nf3 g4 54. Ng1 Kxb4 55. Ke4 c5 56. Ke3 c4 57.
Kf2 c3 58. Ne2 c2 59. Kxg2 Kc4 60. Kg3 Kd3 61. Nc1+ Kc3 62. Kxg4 Kd2 63. Nb3+ Kc3 64. Nc1 Kd2 65. Nb3+ Kd1 66. Kf3 c1=Q 67. Nxc1 1/2-1/2

[Event "*** Titled Tuesday Blitz"]
[Site "Chess.com"]
[Date "2020.04.28"]
[Round "2"]
[White "chessuriel"]
[Black "Munkhzul_Turmunkh"]
[Result "1/2-1/2"]
[WhiteElo "2218"]
[BlackElo "2517"]
[TimeControl "180+1"]
[EndTime "10:19:13 PDT"]
[Termination "Game drawn - insufficient material"]

1. e4 c5 2. Nf3 d6 3. d4 cxd4 4. Nxd4 Nf6 5. Nc3 a6 6. Bc4 e6 7. Bb3 b5 8. O-O Be7 9. Qf3 Qc7 10. Qg3 O-O 11. Bh6 Ne8 12. Rad1 Bd7 13. f4 Nc6 14. Nxc6 Bxc6 15. f5 Kh8 16. f6 gxh6 17. fxe7 Qxe7 18. Qf4 Qg5 19. Qxg5 hxg5 20. Bxe6 Kg7 21. Bd5 Rc8 22.
Rd2 Bd7 23. Bb7 Rb8 24. Bd5 Rc8 25. Bb3 Bc6 26. Nd5 Bxd5 27. Rxd5 f6 28. a4 b4 29. Rfd1 Rf7 30. R1d4 Rb7 31. Kf2 Rb6 32. Ra5 Kf8 33. Rc4 Rxc4 34. Bxc4 Nc7 35. Rf5 Ke7 36. h4 h6 37. hxg5 hxg5 38. b3 Rc6 39. Ra5 Rb6 40.
Ke3 Rc6 41. Kd4 Ne6+ 42. Bxe6 Kxe6 43. Kd3 Rc3+ 44. Kd2 Rg3 45. Rxa6 Rxg2+ 46. Kd3 Rg1 47. Ra8 g4 48. Rg8 d5 49. exd5+ Kxd5 50. a5 f5 51. a6 Ra1 52. Rg6 Ra2 53. Rf6 Ke5 54. Rg6 Kf4 55. Kc4 Rxc2+ 56. Kxb4 Ra2 57. Kb5 g3 58. b4 Kf3 59.
Kb6 f4 60. a7 g2 61. Kb7 Kf2 62. a8=Q Rxa8 63. Kxa8 g1=Q 64. Rxg1 Kxg1 65. b5 f3 66.
b6 f2 67. b7 f1=Q 68. b8=Q Qa6+ 69. Qa7+ Qxa7+ 70. Kxa7 1/2-1/2

[Event "*** Titled Tuesday Blitz"]
[Site "Chess.com"]
[Date "2020.04.28"]
[Round "2"]
[White "nfds"]
[Black "MRBigtimer"]
[Result "0-1"]
[WhiteElo "2508"]
[BlackElo "2297"]
[TimeControl "180+1"]
[EndTime "10:19:16 PDT"]
[Termination "MRBigtimer won by resignation"]

1. e4 e5 2. Nf3 Nc6 3. Bc4 Nf6 4. O-O Nxe4 5. Re1 d5 6. Bb5 Bc5 7. d4 exd4 8. Nxd4 O-O 9. Be3 Nxd4 10. Bxd4 Bxd4 11. Qxd4 c6 12. Bd3 Nf6 13. Qh4 g6 14. Nd2 Ng4 15. Qg3 Qf6 16. c3 Bf5 17. Bf1 Rae8 18. Qf4 Bc8 19. Qg3 Ne5 20. Re3 Ng4 21.
Ree1 h5 22. Nf3 Nh6 23. Qb8 a6 24. Rxe8 Rxe8 25. Re1 Qd8 26. Qf4 Rxe1 27. Nxe1 Kg7 28. Nf3 Bg4 29. Nd4 Nf5 30. Nb3 Nd6 31. Nc5 Qf6 32. Qe3 Bc8 33. h3 h4 34. f3 Be6 35.
Qf2 Qf4 36. Nd3 Qf6 37. Nc5 Nf5 38. Nxb7 d4 39. cxd4 Bxa2 40. Bxa6 Nxd4 41. Nc5 Bd5 42. Bd3 Qf4 43. b4 Ne6 44. Nxe6+ fxe6 45. Be2 Qxb4 46.
Qe3 Qb1+ 47. Kh2 Qf5 48. Bd3 Qf6 49. f4 Kf8 50. Qc5+ Qe7 51. Qd4 Qg7 52. Qc5+ Kf7 53.
Qa7+ Kg8 54. Qb8+ Kh7 55. Qd8 Qh6 56. Qf6 c5 57. g3 hxg3+ 58. Kxg3 c4 59. Bc2 Qg7 60.
Qh4+ Kg8 61. Qg5 Kf7 62. h4 Qf6 63. Qg4 Qc3+ 64. Kf2 Qxc2+ 0-1